Map: Protocole central

Players

AcerBly (Bly) - Winner!

  • Race: Zerg Zerg

Nathanias

  • Race: Terran Terran

Event: NationWars III

VOD

Have the link to the VOD?

Description

Time

  • Played on: Nov. 19, 2015, 4:56 p.m.
  • Length: 6:07
Show
View Real Time Build Order
Export as new Build Order

AcerBly Zerg - Winner!

Build Orders: Hatch First 

Get SALT Encoding   

  12  0:01  Drone  
  13  0:12  Overlord  
  13  0:18  Drone  
  14  0:31  Drone x2  
  14  0:34  Drone  
  17  0:53  Hatchery  
  17  0:57  Drone  
  17  1:04  Extractor  
  16  1:11  Spawning Pool  
  16  1:16  Drone  
  16  1:18  Drone  
  16  1:23  Drone  
  18  1:31  Drone  
  19  1:41  Overlord  
  19  1:58  Queen  
  19  1:59  Zergling x2  
  22  2:01  Zergling x2  
  22  2:05  Metabolic Boost  
  23  2:09  Zergling x2  
  23  2:10  Queen  
  26  2:16  Drone  
  27  2:23  Drone  
  27  2:24  Overlord  
  28  2:37  Drone x3  
  31  2:51  Queen  
  31  2:53  Overlord  
  31  2:56  Drone x2  
  35  3:04  Zergling x4  
  37  3:10  Roach Warren  
  32  3:20  Zergling x6  
  33  3:36  Zergling x12  
  39  3:43  Overlord  
  39  3:57  Roach x2  
  39  3:59  Roach  
  39  4:02  Roach  
  49  4:03  Roach  
  49  4:04  Roach  
  49  4:26  Zergling x2  
  49  4:27  Zergling x8  
  49  4:29  Extractor  
  52  4:49  Zergling x2  
  52  4:50  Zergling x8  
  57  4:54  Overlord  
  57  4:58  Ravager  
  57  4:59  Ravager x2  
  59  5:05  Overlord  
  59  5:12  Queen  
  58  5:27  Zergling x2  
  58  5:28  Zergling x8  
  61  5:30  Ravager x2  
  61  5:34  Drone x3  
  66  5:41  Drone  
Show
View Real Time Build Order
Export as new Build Order

Nathanias Terran 

Build Orders:  

Get SALT Encoding   

  12  0:00  SCV  
  13  0:12  SCV  
  14  0:17  Supply Depot  
  14  0:25  SCV  
  15  0:38  SCV  
  16  0:43  Barracks  
  16  0:48  Refinery  
  16  0:51  SCV  
  17  1:03  Barracks  
  17  1:05  SCV  
  18  1:17  SCV  
  19  1:30  Reaper  
  19  1:31  Orbital Command  
  20  1:36  Supply Depot  
  20  1:51  Reaper  
  21  1:57  SCV  
  22  2:07  Reaper  
  23  2:09  SCV  
  23  2:15  Barracks  
  24  2:18  Refinery, Barracks  
  24  2:21  SCV  
  25  2:33  SCV, Reaper  
  27  2:45  SCV  
  27  2:49  Reaper  
  29  2:52  Supply Depot  
  29  2:58  SCV  
  30  3:10  SCV  
  31  3:14  Reaper x2  
  32  3:21  Reaper  
  32  3:22  SCV  
  36  3:34  SCV  
  36  3:37  Supply Depot  
  36  3:39  Command Center  
  36  3:46  SCV  
  38  3:57  Marine  
  38  3:58  SCV, Marine x3  
  39  4:04  Factory  
  39  4:10  SCV  
  38  4:19  Marine  
  38  4:21  Marine  
  38  4:22  SCV  
  38  4:23  Marine  
  42  4:34  SCV, Barracks Tech Lab  
  42  4:35  Bunker  
  42  4:37  Marine  
  44  4:39  Marine  
  44  4:44  Supply Depot, Marine  
  43  4:46  SCV  
  43  4:48  Factory Tech Lab  
  43  4:51  Starport  
  44  4:54  Marine, Orbital Command  
  44  4:57  Marine  
  46  5:05  Engineering Bay  
  46  5:09  SCV  
  44  5:21  SCV  
  44  5:22  Siege Tank  
  44  5:23  Marine x2  
  44  5:24  SCV  
  48  5:29  Medivac  
  48  5:35  Marine x2  
  48  5:41  Marine x2  
  52  5:43  SCV  
Tags
 
Add a new tag
Caveats
  • Supply blocks, unpowered buildings, or Contaminate may cause inaccurate times.
  • Supply counts are checked every 10 seconds.